 Dungeon Crawl Stone Soup version 0.30-a0-723-gc1506a1cf0 (webtiles) character file.

Game seed: 15998462352140838767

95 jimonade the Sneak (level 4, 0/18 (23) HPs)
             Began as a Vine Stalker Brigand on Jan 28, 2023.
             Slain by a necrophage (1 damage)
             ... on level 3 of the Dungeon.
             The game lasted 00:04:04 (1370 turns).

jimonade the Sneak (Vine Stalker Brigand)           Turns: 1370, Time: 00:04:05

HP:   0/18 (23)     AC:  4    Str: 13    XL:     4   Next: 65%
MP:   0/5           EV: 11    Int: 11    God:
Gold: 81            SH:  0    Dex: 18    Spells: 3/3 levels left

rFire   . . .      SeeInvis .    a - +2 dagger
rCold   . . .      Faith    .    (no shield)
rNeg    . . .      Spirit   +    b - +0 robe
rPois   .          Reflect  .    (no helmet)
rElec   .          Harm     .    c - +0 cloak
rCorr   .          Rampage  .    (no gloves)
Will    .....                    h - +0 pair of boots
Stlth   ++++                     j - amulet of the acrobat
HPRegen 1.03/turn                (no ring)
MPRegen 0.09/turn                (no ring)

@: studying Throwing, heavily drained
A: fangs 2, regeneration 1, magic shield, antimagic bite, no potion heal 2
a: no special abilities


You were on level 3 of the Dungeon.
You visited 1 branch of the dungeon, and saw 3 of its levels.

You collected 81 gold pieces.

Inventory:

Hand Weapons
 a - a +2 dagger (weapon)
Missiles
 d - 9 poisoned darts (quivered)
 e - 3 curare-tipped darts
Armour
 b - a +0 robe (worn)
 c - a +0 cloak (worn)
 g - a +0 leather armour
 h - a +0 pair of boots (worn)
 i - a +0 scale mail
 l - a +0 ring mail
Jewellery
 j - an amulet of the acrobat (around neck)
Scrolls
 m - a scroll of immolation {unknown}
 n - a scroll of identify
Potions
 f - a potion of heal wounds {unknown}
 k - a potion of invisibility


   Skills:
 - Level 1.7 Fighting
 * Level 2.6 Short Blades
 - Level 1.7 Throwing
 - Level 0.7 Dodging
 + Level 6.8 Stealth


You had 3 spell levels left.
You didn't know any spells.
Your spell library contained the following spells:

 Spells                   Type           Power      Damage    Failure   Level
 Freeze                   Ice            0%         1d3       34%         1


Dungeon Overview and Level Annotations

Branches:
Dungeon (3/15)

Altars:

Shops:
D:2 *


Innate Abilities, Weirdness & Mutations

You have extremely sharp teeth.
Your natural rate of healing is unusually fast.
When hurt, damage is shared between your health and your magic reserves.
Your bite disrupts and absorbs the magic of your enemies.
Potions cannot restore your health.


Message History

Press: ? - help, v - describe, . - travel
Here: a necrophage The floor.
You hit the necrophage. You bite the necrophage. You drain its power.
The necrophage is lightly damaged.
The necrophage hits you.
You feel drained.
You hit the necrophage. You bite the necrophage. You drain its power.
The necrophage is heavily damaged.
The necrophage hits you.
You hit the necrophage. You bite the necrophage. You drain its power.
You feel invigorated.
The necrophage is heavily damaged.
The necrophage closely misses you.
You barely miss the necrophage.
You bite the necrophage, but do no damage.
The necrophage is heavily damaged.
The necrophage hits you.
You barely miss the necrophage.
The necrophage is heavily damaged.
The necrophage hits you.
You feel drained.
You hit the necrophage. Your bite misses the necrophage.
The necrophage is heavily damaged.
The necrophage hits you.
You feel drained.
You barely miss the necrophage. You bite the necrophage. You drain its power.
You feel invigorated.
The necrophage is severely damaged.
You barely miss the necrophage. Your bite misses the necrophage.
The necrophage is severely damaged.
The necrophage hits you.
* * * LOW HITPOINT WARNING * * *
You hit the necrophage but do no damage.
The necrophage is severely damaged.
The necrophage hits you.
* * * LOW HITPOINT WARNING * * *
You hit the necrophage. You punch the necrophage.
The necrophage is almost destroyed.
The necrophage hits you.
* * * LOW HITPOINT WARNING * * *
You feel drained.
You die...

#.......# #.......#
#.......# #.......# #+#
### ####.......# #.#...
...........#######?#.#####
..................).....r.
....##############.###
....'...........@n...#
....##############.#.#
....# #.#.# ....# ..# #
....# ### #####


You could see a necrophage.

Vanquished Creatures
  Terence (D:2)
  2 adders (D:2)
  A worm (D:2)
  2 dart slugs
  4 ball pythons (D:1)
  4 endoplasms
  4 hobgoblins
  2 quokkas (D:1)
  7 bats
  A frilled lizard (D:1)
  7 goblins
  4 kobolds
  5 rats
44 creatures vanquished.

Notes
Turn   | Place    | Note
-------+----------+-------------------------------------------
     0 | D:1      | jimonade the Vine Stalker Brigand began the quest for the
                  | Orb.
     0 | D:1      | Reached XP level 1. HP: 11/11 MP: 2/2
    34 | D:1      | Reached skill level 5 in Stealth
    52 | D:1      | Reached XP level 2. HP: 15/15 MP: 3/3
   378 | D:1      | Found a faded altar of an unknown god.
   387 | D:1      | Got Plato's Dissertation on Snow
   462 | D:1      | Reached XP level 3. HP: 18/18 MP: 4/4
   488 | D:1      | Reached skill level 6 in Stealth
   755 | D:2      | Noticed Terence
   937 | D:2      | Killed Terence
   938 | D:2      | Gained mutation: Your natural rate of healing is unusually
                  | fast. [Vine Stalker growth]
   938 | D:2      | Reached XP level 4. HP: 23/23 MP: 5/5
  1061 | D:2      | Found Diufre Cahu's General Store.
  1356 | D:3      | Noticed a necrophage
  1370 | D:3      | HP: 1/20 [necrophage (4)]
  1370 | D:3      | Slain by a necrophage

Illustrated notes

Levels and vault maps discovered:
D:1:      dpeg_arrival_round_b, layout_loops_cross,
          shapermc_ecumenical_altar_rom_forum, serial_park_tiny_1,
          columned_hall_lemuel
D:2:      layout_rooms, serial_shops, nicolae_lakefront_shop, uniq_terence
D:3:      layout_basic, evilmike_ruin_ashenzari, kennysheep_generic_room_8,
          uniq_sigmund

Skill      XL: |  1  2  3 |
---------------+----------+-----
Stealth        | 5 6 |  6.8
Short Blades   | 2 |  2.6
Fighting       | |  1.7
Throwing       | |  1.7
Dodging        | |  0.7

Action                     |  1- 3 |  4- 6 || total
---------------------------+-------+-------++-------
  Melee: Dagger            |    66 |    30 ||    96
         Bite              |    17 |    10 ||    27
         Punch             |       |     1 ||     1
    Use: Scroll            |       |     2 ||     2
   Stab: Sleeping          |    15 |     3 ||    18
         Distracted        |       |     1 ||     1
 Armour: Robe              |    11 |     3 ||    14
  Dodge: Dodged            |    31 |     9 ||    40

Table legend: (Time is in decaauts)
 A = Elapsed time spent in this place.
 B = Non-inter-level travel time spent in this place.
 C = Inter-level travel time spent in this place.
 D = Time resting spent in this place.
 E = Time spent auto-exploring this place.
 F = Levels seen in this place.
 G = Mean time per level.
                   A        B        C        D        E       F      G
               +--------+--------+--------+--------+--------+-----+--------+
         Total |   1359 |   1335 |     24 |    142 |    819 |   3 |  453.0 |
       Dungeon |   1359 |   1335 |     24 |    142 |    819 |   3 |  453.0 |
               +--------+--------+--------+--------+--------+-----+--------+

Top non-repeatable levels by time:
     D:1: 692 daAuts
     D:2: 591 daAuts
     D:3: 75 daAuts
